[ PARTIDA AOE2 · #498985999 ]
UnrankedItalianos vs Slavs
[ ANÁLISIS DE REPETICIÓN · EXTRAÍDO DE LA PARTIDA GRABADA ]
Feudal
—
Castillos
—
Imperial
—
| APM promedio | 22.4 |
| APM pico | 56 |
| eAPM promedio | 14.7 |
| Aldeanos / militares | 21 / 0 |
Foco
⚔️ 17.5% · 🌾 82.5%
Feudal
10:11
Castillos
—
Imperial
—
| APM promedio | 21.0 |
| APM pico | 31 |
| eAPM promedio | 11.0 |
| Aldeanos / militares | 25 / 0 |
Foco
⚔️ 29.7% · 🌾 70.3%
Feudal
—
Castillos
—
Imperial
—
| APM promedio | 20.2 |
| APM pico | 37 |
| eAPM promedio | 13.0 |
| Aldeanos / militares | 26 / 0 |
Foco
⚔️ 18.9% · 🌾 81.1%
Feudal
—
Castillos
—
Imperial
—
| APM promedio | 49.8 |
| APM pico | 90 |
| eAPM promedio | 11.6 |
| Aldeanos / militares | 31 / 0 |
Foco
⚔️ 2.3% · 🌾 97.7%
Feudal
9:53
Castillos
—
Imperial
—
| APM promedio | 17.7 |
| APM pico | 36 |
| eAPM promedio | 12.4 |
| Aldeanos / militares | 22 / 0 |
Foco
⚔️ 5.0% · 🌾 95.0%
Feudal
—
Castillos
—
Imperial
—
| APM promedio | 34.2 |
| APM pico | 81 |
| eAPM promedio | 13.2 |
| Aldeanos / militares | 33 / 0 |
Foco
⚔️ 17.6% · 🌾 82.4%
Feudal
9:16
Castillos
—
Imperial
—
| APM promedio | 43.7 |
| APM pico | 98 |
| eAPM promedio | 16.9 |
| Aldeanos / militares | 18 / 0 |
Foco
⚔️ 9.3% · 🌾 90.7%
Feudal
—
Castillos
—
Imperial
—
| APM promedio | 18.0 |
| APM pico | 30 |
| eAPM promedio | 10.8 |
| Aldeanos / militares | 37 / 0 |
Foco
⚔️ 0.0% · 🌾 100.0%
Mapa de la partida
Recursos iniciales + cada clic de construcción. Líneas = muros · curvas = relieve. ◆ oro · ⬟ piedra · ● bayas · ✦ reliquia · ◌ hueco del cierre
Tu base
Base de 83716497273
Base de .
Base de Qoo
Base de _MCA_max1336
Base de chrisQQ
Base de 來波斯人這邊
Base de Makarov99
Terreno inicial suavizado · ◌ = hueco del cierre detectado · pasá el cursor para detalles
Inputs por minuto
— PedrodeMatos - - 83716497273
Build order — PedrodeMatos
32 acciones detectadas en el replay
| 0:02 | Encolar | Villager (Male) |
| 0:03 | Construir | House |
| 0:07 | Construir | House |
| 0:19 | Encolar | Villager (Male) |
| 0:19 | Encolar | Villager (Male) |
| 0:54 | Encolar | Villager (Male) |
| 0:54 | Encolar | Villager (Male) |
| 1:31 | Encolar | Villager (Male) |
| 1:53 | Construir | Lumber Camp |
| 1:56 | Encolar | Villager (Male) |
| 2:20 | Encolar | Villager (Male) |
| 2:52 | Encolar | Villager (Male) |
| 3:16 | Encolar | Villager (Male) |
| 3:30 | Construir | Mill |
| 3:46 | Encolar | Villager (Male) |
| 4:08 | Construir | House |
| 4:19 | Encolar | Villager (Male) |
| 4:49 | Investigar | Loom |
| 5:05 | Encolar | Villager (Male) |
| 5:05 | Encolar | Villager (Male) |
| 5:23 | Encolar | Villager (Male) |
| 5:34 | Construir | Mining Camp |
| 5:50 | Construir | House |
| 6:07 | Encolar | Villager (Male) |
| 6:08 | Encolar | Villager (Male) |
| 6:30 | Encolar | Villager (Male) |
| 6:52 | Encolar | Villager (Male) |
| 7:32 | Encolar | Villager (Male) |
| 8:21 | Investigar | Feudal Age |
| 9:12 | Encolar | Villager (Male) |
| 9:32 | Construir | Palisade Wall |
| 9:48 | Construir | Palisade Wall |
Build order — 83716497273
30 acciones detectadas en el replay
| 0:02 | Encolar | Villager (Male) ×4 |
| 0:05 | Construir | House |
| 0:07 | Construir | House |
| 1:34 | Encolar | Villager (Male) |
| 1:49 | Construir | Lumber Camp |
| 1:54 | Encolar | Villager (Male) |
| 2:33 | Encolar | Villager (Male) |
| 2:56 | Encolar | Villager (Male) |
| 2:56 | Encolar | Villager (Male) |
| 2:57 | Encolar | Villager (Male) |
| 3:32 | Construir | House |
| 3:49 | Encolar | Villager (Male) |
| 3:49 | Encolar | Villager (Male) |
| 4:02 | Construir | Mill |
| 4:13 | Encolar | Villager (Male) |
| 4:14 | Encolar | Villager (Male) |
| 4:29 | Encolar | Villager (Male) |
| 4:54 | Construir | Mill |
| 4:59 | Encolar | Villager (Male) |
| 5:21 | Construir | House |
| 5:28 | Encolar | Villager (Male) |
| 5:56 | Encolar | Villager (Male) |
| 6:05 | Encolar | Villager (Male) ×3 |
| 6:33 | Construir | Mining Camp |
| 6:55 | Encolar | Villager (Male) |
| 6:56 | Encolar | Villager (Male) |
| 7:59 | Investigar | Feudal Age |
| 8:58 | Encolar | Villager (Male) |
| 8:58 | Encolar | Villager (Male) |
| 10:11 | Edad | Edad Feudal |
Build order — .
38 acciones detectadas en el replay
| 0:01 | Encolar | Villager (Male) |
| 0:01 | Encolar | Villager (Male) |
| 0:02 | Construir | House |
| 0:04 | Construir | House |
| 0:17 | Encolar | Villager (Male) |
| 0:18 | Encolar | Villager (Male) |
| 1:29 | Encolar | Villager (Male) |
| 1:50 | Construir | Lumber Camp |
| 1:54 | Encolar | Villager (Male) |
| 2:20 | Encolar | Villager (Male) |
| 2:49 | Encolar | Villager (Male) |
| 3:18 | Encolar | Villager (Male) |
| 3:25 | Construir | House |
| 3:29 | Encolar | Villager (Male) |
| 3:54 | Encolar | Villager (Male) |
| 4:09 | Construir | House |
| 4:11 | Construir | House |
| 4:25 | Construir | Mill |
| 4:40 | Encolar | Villager (Male) |
| 4:57 | Construir | House |
| 4:58 | Construir | House |
| 5:00 | Encolar | Villager (Male) |
| 5:27 | Encolar | Villager (Male) |
| 5:39 | Encolar | Villager (Male) |
| 5:54 | Encolar | Villager (Male) |
| 6:06 | Encolar | Villager (Male) |
| 6:22 | Encolar | Villager (Male) |
| 6:40 | Encolar | Villager (Male) |
| 6:40 | Encolar | Villager (Male) |
| 6:54 | Encolar | Villager (Male) |
| 7:06 | Encolar | Villager (Male) |
| 7:30 | Construir | Mill |
| 7:35 | Encolar | Villager (Male) |
| 7:36 | Encolar | Villager (Male) |
| 7:48 | Construir | Mining Camp |
| 7:57 | Encolar | Villager (Male) |
| 8:19 | Encolar | Villager (Male) |
| 9:02 | Investigar | Feudal Age |
Build order — Qoo
43 acciones detectadas en el replay
| 0:02 | Encolar | Villager (Male) |
| 0:02 | Encolar | Villager (Male) |
| 0:02 | Encolar | Villager (Male) |
| 0:05 | Construir | House |
| 0:10 | Encolar | Villager (Male) |
| 0:10 | Encolar | Villager (Male) |
| 0:38 | Construir | House |
| 0:38 | Construir | House |
| 0:39 | Construir | House |
| 1:31 | Encolar | Villager (Male) |
| 1:31 | Encolar | Villager (Male) |
| 2:04 | Encolar | Villager (Male) |
| 2:05 | Encolar | Villager (Male) |
| 2:23 | Construir | Lumber Camp |
| 2:31 | Encolar | Villager (Male) |
| 2:31 | Encolar | Villager (Male) |
| 2:59 | Encolar | Villager (Male) |
| 2:59 | Encolar | Villager (Male) |
| 3:31 | Encolar | Villager (Male) |
| 3:31 | Encolar | Villager (Male) |
| 3:31 | Encolar | Villager (Male) |
| 4:11 | Encolar | Villager (Male) |
| 4:11 | Encolar | Villager (Male) |
| 4:12 | Encolar | Villager (Male) |
| 4:51 | Construir | Mill |
| 5:14 | Encolar | Villager (Male) |
| 5:15 | Encolar | Villager (Male) |
| 5:15 | Encolar | Villager (Male) |
| 5:15 | Encolar | Villager (Male) |
| 6:26 | Encolar | Villager (Male) |
| 6:26 | Encolar | Villager (Male) |
| 6:26 | Encolar | Villager (Male) |
| 7:01 | Encolar | Villager (Male) |
| 7:02 | Encolar | Villager (Male) |
| 7:21 | Encolar | Villager (Male) |
| 7:24 | Construir | Farm |
| 7:25 | Construir | Farm |
| 7:26 | Construir | Farm |
| 8:47 | Investigar | Feudal Age |
| 8:47 | Investigar | Feudal Age |
| 8:57 | Construir | House |
| 9:04 | Encolar | Villager (Male) |
| 9:05 | Encolar | Villager (Male) |
Build order — _MCA_max1336
34 acciones detectadas en el replay
| 0:05 | Construir | House |
| 0:06 | Construir | House |
| 0:07 | Encolar | Villager (Male) |
| 0:07 | Encolar | Villager (Male) |
| 0:07 | Encolar | Villager (Male) |
| 0:07 | Encolar | Villager (Male) |
| 0:08 | Encolar | Villager (Male) |
| 1:45 | Encolar | Villager (Male) |
| 2:10 | Encolar | Villager (Male) |
| 2:18 | Construir | Lumber Camp |
| 2:41 | Encolar | Villager (Male) |
| 2:42 | Encolar | Villager (Male) |
| 3:23 | Construir | House |
| 3:32 | Encolar | Villager (Male) |
| 3:32 | Encolar | Villager (Male) |
| 4:15 | Encolar | Villager (Male) |
| 4:48 | Encolar | Villager (Male) |
| 4:49 | Encolar | Villager (Male) |
| 4:51 | Construir | Mill |
| 4:54 | Encolar | Villager (Male) |
| 5:34 | Encolar | Villager (Male) |
| 5:40 | Construir | House |
| 6:17 | Encolar | Villager (Male) |
| 6:28 | Encolar | Villager (Male) |
| 6:36 | Encolar | Villager (Male) |
| 6:56 | Construir | Mining Camp |
| 7:39 | Investigar | Feudal Age |
| 8:20 | Construir | Mill |
| 9:04 | Construir | House |
| 9:05 | Construir | House |
| 9:53 | Edad | Edad Feudal |
| 9:58 | Encolar | Villager (Male) |
| 9:58 | Encolar | Villager (Male) |
| 9:59 | Encolar | Villager (Male) |
Build order — chrisQQ
45 acciones detectadas en el replay
| 0:00 | Encolar | Villager (Male) |
| 0:01 | Encolar | Villager (Male) |
| 0:01 | Encolar | Villager (Male) |
| 0:02 | Construir | House |
| 0:03 | Construir | House |
| 0:36 | Encolar | Villager (Male) |
| 0:37 | Encolar | Villager (Male) |
| 0:37 | Encolar | Villager (Male) |
| 1:33 | Encolar | Villager (Male) |
| 1:33 | Encolar | Villager (Male) |
| 2:05 | Encolar | Villager (Male) |
| 2:05 | Encolar | Villager (Male) |
| 2:15 | Construir | Lumber Camp |
| 2:25 | Encolar | Villager (Male) |
| 2:26 | Encolar | Villager (Male) |
| 2:26 | Encolar | Villager (Male) |
| 3:00 | Construir | House |
| 3:06 | Construir | House |
| 3:19 | Encolar | Villager (Male) |
| 3:20 | Encolar | Villager (Male) |
| 3:42 | Encolar | Villager (Male) |
| 3:42 | Encolar | Villager (Male) |
| 3:43 | Encolar | Villager (Male) |
| 4:01 | Investigar | Double-Bit Axe |
| 4:04 | Encolar | Villager (Male) |
| 4:04 | Encolar | Villager (Male) |
| 4:05 | Encolar | Villager (Male) |
| 4:05 | Encolar | Villager (Male) |
| 4:53 | Encolar | Villager (Male) |
| 4:53 | Encolar | Villager (Male) |
| 4:53 | Encolar | Villager (Male) |
| 4:54 | Encolar | Villager (Male) |
| 5:24 | Encolar | Villager (Male) |
| 5:37 | Construir | Mill |
| 6:27 | Encolar | Villager (Male) |
| 6:27 | Encolar | Villager (Male) |
| 6:44 | Encolar | Villager (Male) |
| 7:32 | Encolar | Villager (Male) |
| 7:35 | Construir | Mining Camp |
| 7:59 | Construir | Farm |
| 8:00 | Encolar | Villager (Male) |
| 8:12 | Encolar | Villager (Male) |
| 8:28 | Construir | Farm |
| 8:56 | Investigar | Feudal Age |
| 9:41 | Construir | House |
Build order — 來波斯人這邊
31 acciones detectadas en el replay
| 0:01 | Encolar | Villager (Male) |
| 0:01 | Encolar | Villager (Male) |
| 0:02 | Construir | House |
| 0:03 | Construir | House |
| 0:29 | Encolar | Villager (Male) |
| 1:04 | Encolar | Villager (Male) |
| 1:31 | Encolar | Villager (Male) |
| 1:46 | Construir | Lumber Camp |
| 1:52 | Encolar | Villager (Male) |
| 2:18 | Encolar | Villager (Male) |
| 2:52 | Encolar | Villager (Male) |
| 3:00 | Construir | House |
| 3:13 | Encolar | Villager (Male) |
| 3:37 | Encolar | Villager (Male) |
| 4:00 | Encolar | Villager (Male) |
| 4:19 | Encolar | Villager (Male) |
| 4:26 | Encolar | Villager (Male) |
| 4:37 | Encolar | Villager (Male) |
| 5:11 | Construir | Mill |
| 5:33 | Encolar | Villager (Male) |
| 6:00 | Encolar | Villager (Male) |
| 6:01 | Investigar | Loom |
| 6:11 | Construir | Mining Camp |
| 7:05 | Investigar | Feudal Age |
| 7:06 | Investigar | Feudal Age |
| 7:06 | Investigar | Feudal Age |
| 7:39 | Construir | House |
| 8:41 | Encolar | Villager (Male) |
| 9:02 | Encolar | Villager (Male) |
| 9:16 | Edad | Edad Feudal |
| 9:20 | Construir | Watch Tower |
Build order — Makarov99
49 acciones detectadas en el replay
| 0:02 | Encolar | Villager (Male) |
| 0:02 | Encolar | Villager (Male) |
| 0:02 | Encolar | Villager (Male) |
| 0:02 | Encolar | Villager (Male) |
| 0:06 | Construir | House |
| 0:08 | Construir | House |
| 1:29 | Encolar | Villager (Male) |
| 1:29 | Encolar | Villager (Male) |
| 1:29 | Encolar | Villager (Male) |
| 2:01 | Encolar | Villager (Male) |
| 2:01 | Encolar | Villager (Male) |
| 2:25 | Encolar | Villager (Male) |
| 2:25 | Encolar | Villager (Male) |
| 2:26 | Encolar | Villager (Male) |
| 2:50 | Investigar | Loom |
| 2:56 | Encolar | Villager (Male) |
| 2:56 | Encolar | Villager (Male) |
| 2:57 | Encolar | Villager (Male) |
| 3:05 | Construir | Lumber Camp |
| 3:10 | Encolar | Villager (Male) |
| 3:10 | Encolar | Villager (Male) |
| 3:11 | Encolar | Villager (Male) |
| 3:47 | Encolar | Villager (Male) |
| 3:48 | Encolar | Villager (Male) |
| 3:53 | Construir | House |
| 3:54 | Construir | House |
| 3:55 | Construir | House |
| 4:19 | Encolar | Villager (Male) |
| 4:19 | Encolar | Villager (Male) |
| 4:43 | Encolar | Villager (Male) |
| 4:44 | Encolar | Villager (Male) |
| 5:19 | Encolar | Villager (Male) |
| 5:19 | Encolar | Villager (Male) |
| 5:20 | Encolar | Villager (Male) |
| 5:36 | Construir | Mining Camp |
| 5:41 | Construir | Mill |
| 6:31 | Encolar | Villager (Male) |
| 6:32 | Encolar | Villager (Male) |
| 6:59 | Encolar | Villager (Male) |
| 7:00 | Encolar | Villager (Male) |
| 7:00 | Encolar | Villager (Male) |
| 7:13 | Encolar | Villager (Male) |
| 8:25 | Encolar | Villager (Male) |
| 8:49 | Encolar | Villager (Male) |
| 8:53 | Construir | House |
| 9:18 | Construir | Mill |
| 9:23 | Investigar | Feudal Age |
| 9:54 | Encolar | Villager (Male) |
| 10:10 | Encolar | Villager (Male) |
Cronología de la partida
| 9:16 | 來波斯人這邊 · age_up feudal |
| 9:32 | PedrodeMatos · wall_segment Palisade Wall x8 |
| 9:42 | 來波斯人這邊 · resign |
| 9:48 | PedrodeMatos · wall_segment Palisade Wall x4 |
| 9:53 | _MCA_max1336 · age_up feudal |
| 10:11 | 83716497273 · age_up feudal |
[ ANÁLISIS IA · 1 CRÉDITO ]
¿Qué pasó realmente en esta partida?
Wolo.gg analiza cada decisión: build order, eco, micro, errores típicos por bracket. Análisis personalizado por WhatsApp o Discord en 30 segundos.
Guía civ
Italianos
Perfil
Jugador #4477443